 Dungeon Crawl Stone Soup version 0.22-a0-580-gd5db89c (webtiles) character file.

453 galech the Skirmisher (level 7, -4/108 HPs)
             Began as an Ogre Berserker on July 3, 2018.
             Was a Priest of Trog.
             Killed by divine providence
             ... invoked by an orc priest
              (13 damage)
             ... on level 4 of the Dungeon.
             The game lasted 00:05:10 (3769 turns).

galech the Skirmisher (Ogre Berserker)              Turns: 3769, Time: 00:05:12

Health: -4/108     AC:  3    Str: 27    XL:     7   Next: 5%
Magic:  7/7        EV: 12    Int:  8    God:    Trog [***...]
Gold:   168        SH:  0    Dex: 10    Spells: 6/6 levels left

rFire    . . .     SeeInvis .   s - +0 whip (holy)
rCold    . . .     Gourm    .   (no shield)
rNeg     . . .     Faith    .   q - +0 robe (curse)
rPois    .         Spirit   .   (helmet restricted)
rElec    .         Reflect  .   (no cloak)
rCorr    .         Harm     +   (gloves unavailable)
MR       ++...                  (boots unavailable)
Stlth    ..........             k - amulet of harm
HPRegen  1.28/turn              n - +1 ring of evasion
MPRegen  0.10/turn              (no ring)

@: berserking, regenerating, very quick
A: large, unfitting armour, tough skin 1
a: Berserk, Trog's Hand, Renounce Religion


You were on level 4 of the Dungeon.
You worshipped Trog.
Trog was most pleased with you.
You were hungry.

You visited 1 branch of the dungeon, and saw 4 of its levels.

You collected 168 gold pieces.

Inventory:

Hand Weapons
 a - a +0 mace
 s - a +0 whip of holy wrath (weapon)
Armour
 b - a +0 animal skin
 q - a cursed +0 robe (worn)
Jewellery
 k - an amulet of harm (around neck)
 n - a +1 ring of evasion (left hand)
Scrolls
 d - a scroll of teleportation {unknown}
 e - 8 scrolls of identify {unknown}
 g - 4 scrolls of remove curse {unknown}
 i - a scroll of enchant weapon {unknown}
 j - 4 scrolls of fog {unknown}
 l - 2 scrolls of magic mapping {unknown}
 p - 2 scrolls of fear {unknown}
 r - a scroll of amnesia {unknown}
Potions
 h - a potion of flight {unknown}
 m - a potion of degeneration {unknown}
 o - 2 potions of curing {unknown}
Comestibles
 c - 10 rations
 f - a chunk of flesh


   Skills:
 + Level 5.5 Fighting
 + Level 5.3 Maces & Flails
 + Level 4.2 Dodging
 + Level 1.2 Stealth


You had 6 spell levels left.
You didn't know any spells.
Your spell library was empty.

Dungeon Overview and Level Annotations

Branches:
Dungeon (4/15)
 Temple: D:4-7

Altars:
Kikubaaqudgha
Yredelemnul


Innate Abilities, Weirdness & Mutations

You are too large for most types of armour.
You have tough skin. (AC +1)


Message History

* * * LOW HITPOINT WARNING * * *
The orc closely misses you. The orc hits you with a mace.
* * * LOW HITPOINT WARNING * * *
The orc priest casts a cantrip, but nothing happens.
The orc wizard hits you with a dagger.
* * * LOW HITPOINT WARNING * * *
You whack the orc wizard!
You feel the power of Trog in you as your rage grows.
You kill the orc wizard!
Trog accepts your kill.
Trog appreciates your killing of a magic user.
You have reached level 7!
The orc closely misses you.
You hit the orc priest but do no damage.
The orc priest is lightly wounded.
The orc hits you with a mace.
* * * LOW HITPOINT WARNING * * *
The orc priest invokes the aid of Beogh against you.
Beogh smites you!
You die...

###.#..##. .#.####....
##...##..#. ♣♣. #.####....
#..##..#.#.. .♣o.#...###...
#.####...#.. ⌠...#.........
#.# #####..♣♣o♣..#..#......
#.# #........#....###.. #.#
#........#..####..# #.#
#########''####.......## #.#
#.....)@oo.............. #.#
#...>..oo..##....##.....
##.###..........###...##....#
#....#..........# #.......##.
#....#..........###.......##.
#....#............#........).
#....#..........#.....####...
#....#....................<..
#....####.######....)...)....


You could see an orc priest and 3 orcs.

Vanquished Creatures
  An orc priest (D:4)
  5 orc wizards
  An iguana (D:4)
  2 worker ants (D:4)
  A hound skeleton (D:4)
  3 gnolls (D:4)
  7 adders
  2 oozes
  An adder skeleton (D:4)
  5 dart slugs
  2 worms (D:3)
  5 leopard geckos
  12 orcs
  3 giant cockroaches
  7 hobgoblins
  7 jackals
  10 kobolds
  A quokka (D:3)
  5 bats
  5 frilled lizards
  5 goblins
  A quokka skeleton (D:4)
  5 rats
96 creatures vanquished.

Notes
Turn   | Place    | Note
-------+----------+-------------------------------------------
     0 | D:1      | galech the Ogre Berserker began the quest for the Orb.
     0 | D:1      | Reached XP level 1. HP: 24/24 MP: 1/1
   124 | D:1      | Reached XP level 2. HP: 29/32 MP: 2/2
   411 | D:1      | Reached XP level 3. HP: 16/40 MP: 3/3
   863 | D:2      | Reached ** piety under Trog
   980 | D:2      | Reached XP level 4. HP: 31/49 MP: 4/4
  1168 | D:2      | Found a basalt altar of Yredelemnul.
  1928 | D:3      | Reached XP level 5. HP: 55/55 MP: 5/5
  2043 | D:3      | Reached *** piety under Trog
  2808 | D:3      | Found an ancient bone altar of Kikubaaqudgha.
  2920 | D:4      | Reached skill level 5 in Fighting
  2920 | D:4      | Reached skill level 1 in Stealth
  2920 | D:4      | Reached XP level 6. HP: 33/66 MP: 6/6
  3156 | D:4      | Reached skill level 5 in Maces & Flails
  3768 | D:4      | Reached XP level 7. HP: 12/72 MP: 7/7
  3769 | D:4      | Killed from afar by an orc priest

Vault maps used:
D:1:      evilmike_arrival_crescent
D:2:      lemuel_crystal_altar
D:3:      nicolae_overflow_hidden_temple
D:4:      first_ration, kennysheep_generic_room_4

Skill      XL: |  1  2  3  4  5  6 |
---------------+-------------------+-----
Dodging        | 3 4 |  4.2
Maces & Flails | 3 4 5 |  5.3
Fighting       | 5 |  5.5
Stealth        | 1 |  1.2

Action                   |  1- 3 |  4- 6 |  7- 9 || total
-------------------------+-------+-------+-------++-------
Melee: Mace              |   104 |   199 |       ||   303
       Whip              |       |    35 |     1 ||    36
Invok: Berserk           |     1 |     5 |       ||     6
       Trog's Hand       |       |     2 |       ||     2
 Stab: Sleeping          |       |     3 |       ||     3
       Distracted        |       |     1 |       ||     1
  Eat: Chunk             |       |    15 |       ||    15
Armor: Animal skin       |    34 |    48 |       ||    82
       Robe              |       |    12 |       ||    12
Dodge: Dodged            |    51 |   137 |     1 ||   189

Table legend:
 A = Spawn XP
 B = Non-spawn XP
 C = Spawn XP percentage of total XP
 D = Spawn monster count
 E = Non-spawn monster count
 F = Spawn count percentage of total count
 G = Total turns spent on level
                    A         B        C        D         E        F      G
               +---------+---------+-------+---------+---------+-------+---------
         Total |       0 |     648 |   0.0 |       0 |      96 |   0.0 |  3769
               +---------+---------+-------+---------+---------+-------+---------
           D:1 |       0 |      45 |   0.0 |       0 |      21 |   0.0 |   789
           D:2 |       0 |      99 |   0.0 |       0 |      24 |   0.0 |  1248
           D:3 |       0 |     133 |   0.0 |       0 |      29 |   0.0 |   870
           D:4 |       0 |     371 |   0.0 |       0 |      22 |   0.0 |   862
               +---------+---------+-------+---------+---------+-------+---------
